 Dungeon Crawl Stone Soup version 0.27.1-33-g824d729ab1 (webtiles) character file.

Game seed: 18254546786322466565

104 zeram the Chiller (level 4, 0/24 HPs)
             Began as a Deep Elf Ice Elementalist on Dec 5, 2021.
             Killed by nerve-wracking pain
             ... invoked by an orc priest
              (9 damage)
             ... on level 3 of the Dungeon.
             The game lasted 00:04:15 (3560 turns).

zeram the Chiller (Deep Elf Ice Elementalist)       Turns: 3560, Time: 00:04:16

Health: 0/24       AC:  2    Str:  5    XL:     4   Next: 52%
Magic:  3/10       EV: 13    Int: 21    God:
Gold:   58         SH:  0    Dex: 15    Spells: 2/9 levels left

rFire    . . .     SeeInvis .   b - +0 short sword
rCold    . . .     Faith    .   (no shield)
rNeg     . . .     Spirit   .   a - +0 robe
rPois    .         Reflect  .   (no helmet)
rElec    .         Harm     .   (no cloak)
rCorr    .         Rampage  .   (no gloves)
Will     .....                  (no boots)
Stlth    ++........             (no amulet)
HPRegen  0.08/turn              c - ring of wizardry
MPRegen  0.12/turn              (no ring)

@: no status effects
A: no striking features
a: no special abilities


You were on level 3 of the Dungeon.
You visited 1 branch of the dungeon, and saw 3 of its levels.

You collected 58 gold pieces.

Inventory:

Hand Weapons
 b - a +0 short sword (weapon)
Armour
 a - a +0 robe (worn)
Jewellery
 c - a ring of wizardry (left hand)
Wands
 j - a wand of flame (16)
Scrolls
 f - a scroll of fear {unknown}
 h - a scroll of magic mapping {unknown}
Potions
 d - 4 potions of flight
 e - a potion of heal wounds
 g - a potion of haste
 i - a potion of ambrosia {unknown}


   Skills:
 + Level 3.2 Dodging
 - Level 2.4 Stealth
 - Level 3.0 Spellcasting
 + Level 6.2 Ice Magic


You had 2 spell levels left.
You knew the following spells:

 Your Spells              Type           Power      Damage    Failure   Level
a - Freeze                Ice            100%       1d11      1%          1
b - Frozen Ramparts       Ice            58%        1d7       1%          3
c - Ozocubu's Armour      Ice            29%        N/A       1%          3

Your spell library contained the following spells:

 Spells                   Type           Power      Damage    Failure   Level
 Dazzling Flash           Conj/Hex       6%         N/A       16%         3
 Hailstorm                Conj/Ice       16%        3d6       16%         4
 Agony                    Necr           3%         N/A       78%         5
 Silence                  Hex/Air        1%         N/A       78%         5


Dungeon Overview and Level Annotations

Branches:
Dungeon (3/15)

Altars:

Annotations:
D:3 3 runed translucent doors


Message History

Confirm with . or Enter, or press ? or * to list all spells.
Aiming: Freeze (safe; 1% risk of failure)
Press: ? - help, Shift-Dir - straight line, f/p - orc wizard
Aim: an orc wizard, wielding a +0 dagger and wearing a +0 robe (severely wounded)
You freeze the orc wizard.
The orc wizard is severely wounded.
The bat barely misses you.
The orc priest hits you with a +0 trident.
The orc wizard barely misses you.
Casting: Freeze (safe; 1% risk of failure)
Confirm with . or Enter, or press ? or * to list all spells.
Aiming: Freeze (safe; 1% risk of failure)
Press: ? - help, Shift-Dir - straight line, f/p - orc wizard
Aim: an orc wizard, wielding a +0 dagger and wearing a +0 robe (severely wounded)
You freeze the orc wizard.
The orc wizard is almost dead.
The bat closely misses you.
The orc priest hits you with a +0 trident!
The orc wizard barely misses you. The bat closely misses you.
Casting: Freeze (safe; 1% risk of failure)
Confirm with . or Enter, or press ? or * to list all spells.
Aiming: Freeze (safe; 1% risk of failure)
Press: ? - help, Shift-Dir - straight line, f/p - orc wizard
Aim: an orc wizard, wielding a +0 dagger and wearing a +0 robe (almost dead)
You freeze the orc wizard!
You kill the orc wizard!
The bat closely misses you.
The orc priest looks satisfied for a moment.
The bat barely misses you.
Casting: Freeze (safe; 1% risk of failure)
Confirm with . or Enter, or press ? or * to list all spells.
Aiming: Freeze (safe; 1% risk of failure)
Press: ? - help, Shift-Dir - straight line, f - orc priest
Aim: an orc priest, wielding a +0 trident and wearing a +0 ring mail (moderately wounded)
You freeze the orc priest!
The orc priest is almost dead.
The bat hits you but does no damage. The bat hits you.
The orc priest calls down the wrath of Beogh upon you.
Pain shoots through your body!
You die...

#..$... .......
....... .......
###....... ########+
......... ##.#≈≈≈≈≈#
#oo...... #..#....≈#
#@#...... #..#....≈#
###b....# ...#....≈#
##...#####
...'#########..###..
.#### ..#.##..##....
..####.##..#.##....#
#..##..###.#.#....#
##....####.#.#....#
###.........+...##


You could see an orc priest, an orc and a bat.

Vanquished Creatures
  An orc wizard (D:3)
  4 adders
  A dart slug (D:2)
  6 endoplasms
  A giant cockroach (D:1)
  2 goblins (D:1)
  6 hobgoblins
  7 kobolds
  2 quokkas (D:1)
  3 bats
  2 frilled lizards
  6 rats
41 creatures vanquished.

Notes
Turn   | Place    | Note
-------+----------+-------------------------------------------
     0 | D:1      | zeram the Deep Elf Ice Elementalist began the quest for the
                  | Orb.
     0 | D:1      | Reached XP level 1. HP: 10/10 MP: 6/6
   348 | D:1      | Reached XP level 2. HP: 9/15 MP: 8/8
   804 | D:1      | Reached skill level 5 in Ice Magic
  1751 | D:1      | Reached XP level 3. HP: 11/19 MP: 2/9
  2763 | D:2      | Learned a level 3 spell: Frozen Ramparts
  2863 | D:2      | Learned a level 3 spell: Ozocubu's Armour
  3230 | D:2      | Reached XP level 4. HP: 22/24 MP: 8/10
  3508 | D:3      | Found a runed translucent gate.
  3508 | D:3      | Found a runed translucent gate.
  3508 | D:3      | Found a runed translucent gate.
  3516 | D:3      | Reached skill level 6 in Ice Magic
  3560 | D:3      | Killed from afar by an orc priest

Illustrated notes

Levels and vault maps discovered:
D:1:      wheals_arrival_linesprint, layout_loops_corners,
          minmay_misc_feat_nine_boxes
D:2:      layout_basic, minmay_misc_feat_ornament
D:3:      layout_rooms, gammafunk_ghost_icy, chequers_serial_rivers_room_a,
          uniq_robin, uniq_grinder

Skill      XL: |  1  2  3  4 |
---------------+-------------+-----
Ice Magic      | 5 6 |  6.2
Dodging        | 3 |  3.2
Stealth        | |  2.4
Spellcasting   | |  3.0

Action                   |  1- 3 |  4- 6 || total
-------------------------+-------+-------++-------
Melee: Short sword       |    59 |     9 ||    68
 Cast: Freeze            |    33 |     9 ||    42
  Use: Scroll            |     3 |       ||     3
 Stab: Sleeping          |     9 |       ||     9
Armor: Robe              |    11 |     7 ||    18
Dodge: Dodged            |    43 |    28 ||    71
